Map: Orbital Shipyard

Players

Bones - Winner!

  • Race: Protoss Protoss

Bop - Winner!

  • Race: Protoss Protoss

Dewsky

  • Race: Zerg Zerg

Rallos

  • Race: Zerg Zerg

VOD

Have the link to the VOD?

Description

Time

  • Played on: May 2, 2015, 12:09 a.m.
  • Length: 7:51
Show
View Real Time Build Order
Export as new Build Order

Bones Protoss - Winner!

Build Orders: Nexus First, Mass Adepts 

Get SALT Encoding   

  12  0:01  Probe  
  13  0:13  Probe  
  14  0:41  Nexus  
  14  0:49  Pylon  
  14  1:03  Probe  
  14  1:07  Gateway  
  15  1:12  Probe (Chrono Boost)  
  16  1:25  Probe (Chrono Boost)  
  18  1:33  Probe (Chrono Boost)  
  18  1:39  Assimilator  
  18  1:40  Assimilator  
  18  1:42  Probe (Chrono Boost)  
  19  1:51  Probe (Chrono Boost)  
  20  1:59  Probe x2 (Chrono Boost)  
  20  2:00  Cybernetics Core  
  22  2:03  Zealot  
  24  2:11  Probe (Chrono Boost)  
  26  2:16  Probe (Chrono Boost)  
  26  2:20  Probe (Chrono Boost)  
  27  2:23  Probe (Chrono Boost)  
  29  2:34  Probe (Chrono Boost)  
  29  2:35  Probe (Chrono Boost)  
  29  2:36  Adept (Chrono Boost)  
  29  2:37  Warp Gate (Chrono Boost)  
  32  2:41  Probe (Chrono Boost)  
  32  2:42  Probe (Chrono Boost)  
  34  2:49  Pylon  
  34  2:52  Probe  
  34  2:55  Probe  
  36  3:07  Stalker  
  36  3:08  Mothership Core  
  36  3:10  Probe  
  41  3:22  Probe  
  42  3:28  Gateway  
  42  3:29  Probe  
  42  3:31  Gateway x2  
  42  3:32  Gateway  
  43  3:34  Probe  
  43  3:36  Gateway  
  42  3:42  Gateway  
  42  3:46  Gateway  
  42  3:51  Probe, Pylon  
  43  3:58  Pylon  
  43  4:14  Pylon  
  43  4:23  Adept  
  45  4:27  Adept  
  45  4:30  Adept x2  
  45  4:31  Adept  
  53  4:45  Adept x3  
  59  4:46  Pylon  
  59  4:48  Pylon  
  59  4:50  Pylon x2  
  59  4:51  Adept x4  
  67  5:09  Adept x5  
  67  5:10  Pylon  
  67  5:11  Adept  
  79  5:28  Pylon  
  79  5:34  Adept x5, Pylon  
  85  5:36  Adept  
  81  5:47  Adept x2  
  75  5:56  Probe  
  74  5:59  Adept  
  72  6:08  Probe  
  72  6:09  Adept x2  
  72  6:10  Zealot x4  
  78  6:21  Adept x2  
  78  6:22  Probe  
  78  6:23  Probe  
  80  6:32  Stalker  
  76  6:33  Zealot x3  
  74  6:41  Adept x2  
  74  6:42  Probe (Chrono Boost)  
  74  6:45  Assimilator  
  78  6:48  Probe (Chrono Boost)  
  78  6:50  Assimilator  
  74  6:58  Sentry  
  74  6:59  Zealot x3  
  74  7:00  Probe  
  82  7:01  Probe  
  76  7:23  Adept  
  76  7:24  Adept x5  
  76  7:27  Adept  
  76  7:28  Probe  
  76  7:29  Probe  
  78  7:38  Forge  
  72  7:49  Adept x5  
Show
View Real Time Build Order
Export as new Build Order

Bop Protoss - Winner!

Build Orders:  

Get SALT Encoding   

  12  0:02  Drone  
  13  0:12  Overlord  
  13  0:18  Drone  
  14  0:30  Drone x2  
  16  0:37  Drone  
  17  0:56  Hatchery  
  16  0:58  Drone  
  17  1:05  Drone  
  17  1:09  Extractor  
  17  1:15  Drone  
  18  1:20  Spawning Pool  
  17  1:32  Drone x2  
  19  1:40  Overlord  
  19  1:55  Drone  
  20  2:04  Drone  
  20  2:07  Queen  
  23  2:10  Queen  
  23  2:12  Metabolic Boost  
  25  2:17  Zergling x2  
  25  2:18  Zergling x2  
  27  2:28  Drone x2  
  29  2:34  Drone  
  30  2:43  Overlord, Queen  
  32  2:57  Drone x4  
  36  3:00  Extractor  
  35  3:05  Roach Warren  
  35  3:12  Zergling x4  
  36  3:28  Drone x3  
  36  3:29  Drone x4  
  36  3:30  Drone  
  44  3:45  Lair  
  44  3:53  Overlord x2  
  43  4:12  Roach  
  43  4:13  Roach x3  
  51  4:25  Drone x3  
  51  4:26  Drone x4  
  57  4:42  Ravager x3  
  57  4:44  Ravager  
  59  4:49  Zergling x2  
  60  4:53  Hatchery, Overlord x2  
  60  4:54  Overlord  
  59  5:12  Roach  
  59  5:13  Roach x8  
  77  5:16  Zergling x2  
  77  5:17  Zergling x8  
  75  5:41  Queen  
  64  5:48  Roach x3  
  64  5:49  Roach x5  
  76  5:56  Zergling x8  
  59  6:15  Roach  
  59  6:16  Roach x2  
  54  6:26  Zergling x4  
  34  6:41  Queen  
  34  6:42  Queen  
  38  6:47  Roach  
  38  6:48  Roach x5  
  41  7:14  Drone x7  
  41  7:15  Drone  
Show
View Real Time Build Order
Export as new Build Order

Dewsky Zerg 

Build Orders:  

Get SALT Encoding   

Show
View Real Time Build Order
Export as new Build Order

Rallos Zerg 

Build Orders:  

Get SALT Encoding   

Tags
 
Add a new tag
Caveats
  • Supply blocks, unpowered buildings, or Contaminate may cause inaccurate times.
  • Supply counts are checked every 10 seconds.